 Dungeon Crawl Stone Soup version 0.31-a0-702-gf82c85558f (webtiles) character file.

Game seed: 17061039526490921657

40 qw the Shooter (level 3, 0/22 HPs)
             Began as a Gargoyle Hunter on Sept 8, 2023.
             Slain by Terence
             ... wielding a +0 flail of protection
              (3 damage)
             ... on level 2 of the Dungeon.
             The game lasted 00:00:19 (719 turns).

qw the Shooter (Gargoyle Hunter)                     Turns: 719, Time: 00:00:20

Health: 0/22       AC:  6    Str: 14    XL:     3   Next: 50%
Magic:  3/3        EV: 11    Int:  9    God:
Gold:   26         SH:  0    Dex: 15    Spells: 2/2 levels left

rFire   . . .        a - +0 shortbow
rCold   . . .        (shield currently unavailable)
rNeg    + . .        c - +0 leather armour
rPois   inf          (no helmet)
rElec   +            (no cloak)
rCorr   .            (no gloves)
SInv    .            (no boots)
Will    .....        (no amulet)
Stlth   ++           (no ring)
HPRegen 0.23/turn    (no ring)
MPRegen 0.08/turn

%: no passive effects
@: no status effects
A: sickness immunity, AC +3, negative energy resistance 1, electricity
resistance, torment resistance 1, petrification resistance
a: no special abilities


You were on level 2 of the Dungeon.
You visited 1 branch of the dungeon, and saw 2 of its levels.

You collected 26 gold pieces.


Innate Abilities, Weirdness & Mutations

You are immune to sickness and miasma.
Your stone body is resilient. (AC +3)
You are immune to poison.
You resist negative energy. (rN+)
You are resistant to electric shocks. (rElec)
You are resistant to unholy torment.
You are immune to petrification.


   Skills:
 + Level 2.6 Fighting
 - Level 5.0 Ranged Weapons
 - Level 1.5 Dodging
 - Level 1.1 Stealth


You had 2 spell levels left.
You didn't know any spells.
Your spell library was empty.

Inventory:

Hand Weapons
 a - a +0 shortbow (weapon)
Armour
 c - a +0 leather armour (worn)
 l - a +0 pair of boots
Jewellery
 j - a ring of willpower
Scrolls
 b - a scroll of butterflies
 e - 3 scrolls of teleportation {unknown}
 g - a scroll of poison {unknown}
 m - a scroll of immolation {unknown}
 o - a scroll of identify {unknown}
Potions
 d - 2 potions of ambrosia {unknown}
 f - a potion of lignification {unknown}
 h - a potion of curing {unknown}
 i - a potion of might {unknown}
 k - a potion of berserk rage {unknown}
 n - a potion of haste {unknown}

Dungeon Overview and Level Annotations

Branches:
Dungeon (1/15)

Altars:

Shops:
D:1 !

Annotations:
D:2 Terence


Message History

o - a scroll labelled HORHEBL ERUCK A jackal comes into view.
You shoot an arrow. The arrow hits the jackal.
The jackal barks!
The jackal is heavily wounded.
You hear a shout!
A bat comes into view.
A jackal comes into view.
You shoot an arrow. The arrow barely misses the bat.
The bat hits you but does no damage.
You shoot an arrow.
The arrow hits the bat but does no damage.
The bat hits you but does no damage. The bat closely misses you.
You shoot an arrow. The arrow barely misses the bat.
The arrow misses the jackal.
The bat misses you.
Terence the Incautious comes into view.
He is wielding a +0 flail of protection.
The bat hits you but does no damage.
You shoot an arrow. The arrow hits the jackal.
The jackal is almost dead.
The bat hits you but does no damage. The jackal barely misses you.
Terence hits you with a +0 flail of protection.
The jackal barely misses you. The jackal completely misses you.
Terence barely misses you.
You shoot an arrow. The arrow barely misses the jackal.
The bat barely misses you. The jackal bites you. x2
A worm comes into view.
Terence hits you with a +0 flail of protection!
The jackal barely misses you.
You shoot an arrow. The arrow hits the jackal!
You kill the jackal!
The bat hits you but does no damage.
The jackal bites you but does no damage.
A kobold comes into view. It is wielding a +0 dagger.
Terence hits you with a +0 flail of protection!
You shoot an arrow. The kobold shouts!
The arrow hits Terence but does no damage.
The bat barely misses you. The jackal barely misses you.
Terence hits you with a +0 flail of protection.
You die...

...........#### ####....
.##.........#.## ##.#.....
...............# #........
###...........## ##.......
..............###........
#.##............#...#..###
. ##..................##
......h..b........###
#w.....@.....#....(.##
.#....@#####...##....###
.K..... ....#####.....
##.#... ............## #
##.. .. .........## #.. .
#........## #..
........... ...
........... ...........


You could see Terence, a worm, a jackal, a bat and a kobold.

Vanquished Creatures
  An adder (D:2)
  4 bats (D:1)
  2 endoplasms (D:1)
  A giant cockroach (D:1)
  4 goblins (D:1)
  6 hobgoblins (D:1)
  3 jackals
  A kobold (D:1)
  A quokka (D:2)
  A frilled lizard (D:1)
  A rat (D:1)
25 creatures vanquished.

Notes
Turn   | Place    | Note
-------+----------+-------------------------------------------
     0 | D:1      | qw the Gargoyle Hunter began the quest for the Orb.
     0 | D:1      | Reached XP level 1. HP: 12/12 MP: 1/1
     0 | D:1      | 0 ||| qw: Version: 0.3-a-76-g4403597
     0 | D:1      | 0 ||| qw: Game counter: 1100
     0 | D:1      | 0 ||| qw: Melee chars always use a shield: true
     0 | D:1      | 0 ||| qw: God list: Okawaru
     0 | D:1      | 0 ||| qw: Allow faded altars: false
     0 | D:1      | 0 ||| qw: Do Orc after clearing Dungeon:15 true
     0 | D:1      | 0 ||| qw: Do second Lair branch before Depths: true
     0 | D:1      | 0 ||| qw: Lair rune preference: random
     0 | D:1      | 0 ||| qw: Goals: Normal
     0 | D:1      | 0 ||| PLANNING D:1-11
    76 | D:1      | Reached XP level 2. HP: 17/17 MP: 2/2
   256 | D:1      | Found Mudok's Distillery.
   261 | D:1      | 261 ||| SHOPLISTING 2 potions of might (88 gold, have 8).
   261 | D:1      | 261 ||| SHOPLISTING potion of cancellation (88 gold, have
                  | 8).
   261 | D:1      | 261 ||| SHOPLISTING potion of curing (33 gold, have 8).
   261 | D:1      | 261 ||| SHOPLISTING potion of haste (110 gold, have 8).
   261 | D:1      | 261 ||| SHOPLISTING potion of might (44 gold, have 8).
   264 | D:1      | Found a faded altar of an unknown god.
   494 | D:1      | Reached XP level 3. HP: 21/21 MP: 3/3
   522 | D:1      | Reached skill level 5 in Ranged Weapons
   596 | D:1      | You fall into a shaft and drop 1 floor!
   715 | D:2      | Noticed Terence
   718 | D:2      | HP: 2/22 [Terence/+0 flail of protection (8)]
   719 | D:2      | Slain by Terence

Levels and vault maps discovered:
D:1:      roderic_octagonal_star, layout_basic, serial_shops, shop,
          nicolae_ecumenical_lake_church
D:2:      kennysheep_the_goblin_king, layout_rooms, basic_altar,
          kennysheep_small_spiral, minmay_fractal_squares_gapless_5,
          uniq_terence

Skill      XL: |  1  2  3 |
---------------+----------+-----
Ranged Weapons | 5 |  5.0
Fighting       | |  2.6
Dodging        | |  1.5
Stealth        | |  1.1

Action                     || total
---------------------------++-------
   Fire: Shortbow          ||    87
 Armour: Leather armour    ||    29
  Dodge: Dodged            ||    29

Table legend:
 A = Non-vault XP
 B = Vault XP
 C = Vault XP percentage of total XP
 D = Non-vault monster count
 E = Vault monster count
 F = Vault count percentage of total count
                 A         B        C        D         E       F
            +---------+---------+-------+---------+---------+-------
      Total |      58 |       0 |   0.0 |      25 |       0 |   0.0
            +---------+---------+-------+---------+---------+-------
        D:1 |      40 |       0 |   0.0 |      22 |       0 |   0.0
        D:2 |      18 |       0 |   0.0 |       3 |       0 |   0.0
            +---------+---------+-------+---------+---------+-------
